 Dungeon Crawl Stone Soup version 0.30-a0-269-gf0224bf7b6 (webtiles) character file.

Game seed: 6660709615959032057

126 Iusername the Trooper (level 5, 57/57 HPs)
             Began as an Ogre Berserker on Oct 14, 2022.
             Was a Believer of Trog.
             Quit the game on level 3 of the Dungeon.
             The game lasted 00:02:24 (1954 turns).

Iusername the Trooper (Ogre Berserker)              Turns: 1954, Time: 00:02:25

Health: 57/57      AC:  3    Str: 23    XL:     5   Next: 9%
Magic:  5/5        EV: 10    Int:  8    God:    Trog [**....]
Gold:   91         SH:  0    Dex:  8    Spells: 4/4 levels left

rFire   . . .      SeeInvis .    n - +0 war axe
rCold   . . .      Faith    .    (no shield)
rNeg    . . .      Spirit   .    k - +0 robe
rPois   .          Reflect  .    (helmet restricted)
rElec   .          Harm     .    (no cloak)
rCorr   .          Rampage  .    (gloves unavailable)
Will    .....                    (boots unavailable)
Stlth   +.........               (no amulet)
HPRegen 0.29/turn                (no ring)
MPRegen 0.09/turn                (no ring)

@: no status effects
A: large, unfitting armour, tough skin 1
a: Renounce Religion, Berserk, Trog's Hand


You were on level 3 of the Dungeon.
You worshipped Trog.
Trog was pleased with you.
You visited 1 branch of the dungeon, and saw 3 of its levels.

You collected 91 gold pieces.

Inventory:

Hand Weapons
 a - a +0 hand axe
 n - a +0 war axe (weapon)
Armour
 k - a +0 robe (worn)
Jewellery
 l - an amulet of faith
Scrolls
 b - a scroll of noise {unknown}
 d - a scroll of enchant weapon {unknown}
 e - 2 scrolls of identify {unknown}
 f - 2 scrolls of fog {unknown}
 g - 2 scrolls of vulnerability
 h - a scroll of fear {unknown}
 j - a scroll of amnesia {unknown}
Potions
 c - 2 potions of curing {unknown}
 i - a potion of brilliance {unknown}
 m - 2 potions of haste {unknown}


   Skills:
 + Level 5.4 Fighting
 + Level 4.0 Axes
 + Level 3.6 Dodging
 + Level 0.0 Spellcasting


You had 4 spell levels left.
You didn't know any spells.
Your spell library was empty.

Dungeon Overview and Level Annotations

Branches:
Dungeon (3/15)

Altars:


Innate Abilities, Weirdness & Mutations

You are too large for most types of armour.
You have tough skin. (AC +1)


Message History

The slug dart hits you. Why would you want to do that?
The kobold hits you but does no damage. The dart slug bites you.
You slash the dart slug!
The dart slug is almost dead.
You hit the kobold but do no damage. The kobold barely misses you.
The dart slug launches a dart at you. The slug dart misses you.
You hit the dart slug.
You kill the dart slug!
Trog accepts your kill.
You hit the kobold but do no damage. The kobold closely misses you.
The kobold hits you with a +0 vampiric dagger.
You see here a dart slug corpse.
You hit the kobold.
You kill the kobold!
Trog accepts your kill.
Things that are here:
a +0 vampiric dagger; 4 stones; a +0 chain mail
n - a +0 war axe (weapon)
Unknown command.
As you read the scroll labelled BAUNOZ LEIC, it crumbles to dust.
Magic quickly surges around you.
It was a scroll of vulnerability.
You now have 86 gold pieces (gained 7).
You feel your willpower return.
You now have 91 gold pieces (gained 5).
You see here a ball python corpse.
There is an open door here.
Done exploring.
No target in view!
Done exploring.
No target in view!
Done exploring.
There is a stone staircase leading down here.
You climb downwards.
Found three items.
There is a stone staircase leading up here.
No target in view!
Unknown command.
Are you sure you want to abandon this character and quit the game? (Confirm with "yes".)

#......# .
......# .?
...... ...
..... #... ...#
.....#..#
#....#####.#
#...@...?..#
)..............
..#####...###.#
#.#... #.#..#.
...... # ..#
.## ..# .#


There were no monsters in sight!

Vanquished Creatures
  Natasha (thrice) (D:2)
  A worm (D:2)
  3 dart slugs
  5 endoplasms
  2 goblins (D:1)
  3 hobgoblins
  5 kobolds
  3 quokkas (D:1)
  5 ball pythons
  3 bats (D:1)
  2 frilled lizards
  13 rats
48 creatures vanquished.

Notes
Turn   | Place    | Note
-------+----------+-------------------------------------------
     0 | D:1      | Iusername the Ogre Berserker began the quest for the Orb.
     0 | D:1      | Reached XP level 1. HP: 24/24 MP: 1/1
   108 | D:1      | Reached XP level 2. HP: 31/32 MP: 2/2
   598 | D:1      | Reached XP level 3. HP: 40/40 MP: 3/3
   749 | D:2      | Noticed Natasha
   753 | D:2      | Reached ** piety under Trog
   754 | D:2      | Killed Natasha
   899 | D:2      | Noticed Natasha
   905 | D:2      | Killed Natasha
   906 | D:2      | Reached skill level 5 in Fighting
   906 | D:2      | Reached XP level 4. HP: 33/50 MP: 4/4
  1046 | D:2      | Noticed Natasha
  1052 | D:2      | Killed Natasha
  1632 | D:2      | Reached XP level 5. HP: 55/57 MP: 5/5
  1954 | D:3      | Quit the game

Illustrated notes

Levels and vault maps discovered:
D:1:      minmay_arrival_solitary_statue, layout_rooms,
          hangedman_decor_clover_reticule, minmay_rat_gold_closets
D:2:      layout_loops_cross, kennysheep_generic_room_16, uniq_natasha
D:3:      layout_basic, ashenzari_altar_1

Skill      XL: |  1  2  3  4 |
---------------+-------------+-----
Dodging        | 3 |  3.6
Fighting       | 5 |  5.4
Axes           | 4 |  4.0

Action                   |  1- 3 |  4- 6 || total
-------------------------+-------+-------++-------
Melee: Hand axe          |    97 |    44 ||   141
       Punch             |     1 |       ||     1
  Use: Scroll            |       |     1 ||     1
 Stab: Sleeping          |     1 |       ||     1
Armor: Animal skin       |    21 |       ||    21
       Robe              |     5 |     4 ||     9
Dodge: Dodged            |    46 |    24 ||    70

Table legend: (Time is in decaauts)
 A = Elapsed time spent in this place.
 B = Non-inter-level travel time spent in this place.
 C = Inter-level travel time spent in this place.
 D = Time resting spent in this place.
 E = Time spent auto-exploring this place.
 F = Levels seen in this place.
 G = Mean time per level.
                   A        B        C        D        E       F      G
               +--------+--------+--------+--------+--------+-----+--------+
         Total |   1971 |   1914 |     57 |    329 |   1246 |   3 |  657.0 |
       Dungeon |   1971 |   1914 |     57 |    329 |   1246 |   3 |  657.0 |
               +--------+--------+--------+--------+--------+-----+--------+

Top non-repeatable levels by time:
     D:2: 1209 daAuts
     D:1: 761 daAuts
     D:3: 0 daAuts
